 Dungeon Crawl Stone Soup version 0.23.2 (webtiles) character file.

Game seed: 3740861208430395621

56 Goblin1989 the Skirmisher (level 3, 0/29 HPs)
             Began as a Demonspawn Chaos Knight on Apr 12, 2019.
             Was a Plaything of Xom.
             Succumbed to an adder's poison
             ... on level 2 of the Dungeon.
             The game lasted 00:03:31 (1785 turns).

Goblin1989 the Skirmisher (Demonspawn Chaos Knight) Turns: 1785, Time: 00:03:32

Health: 0/29       AC:  5    Str: 13    XL:     3   Next: 71%
Magic:  3/3        EV:  5    Int: 13    God:    Xom [*.....]
Gold:   68         SH: 10    Dex: 12    Spells: 2/2 levels left

rFire    . . .     SeeInvis .   a - +0 hand axe (chaos)
rCold    . . .     Gourm    .   h - +0 large shield
rNeg     . . .     Faith    +   b - +2 leather armour
rPois    .         Spirit   .   (helmet restricted)
rElec    .         Reflect  .   (no cloak)
rCorr    .         Harm     .   (no gloves)
MR       .....                  (no boots)
Stlth    +.........             i - amulet of faith {!P}
HPRegen  0.09/turn              (no ring)
MPRegen  0.08/turn              (no ring)

@: lethally poisoned (0 -> -4), very heavily drained
A: antennae 1, rot immunity, MP-powered wands
a: Renounce Religion


You were on level 2 of the Dungeon.
You worshipped Xom.
You were a special plaything of Xom.
You were not hungry.

You visited 1 branch of the dungeon, and saw 2 of its levels.

You collected 68 gold pieces.

Inventory:

Hand Weapons
 a - a +0 hand axe of chaos (weapon)
 f - a +0 dagger of venom
 o - a +0 dagger of draining
Missiles
 Z - a throwing net (quivered) {!d , @Q1}
Armour
 b - a +2 leather armour (worn)
 h - a +0 large shield (worn)
Jewellery
 i - an amulet of faith (around neck) {!P}
Scrolls
 j - a scroll of fog {unknown}
 k - a scroll of remove curse {unknown}
 l - 2 scrolls of identify {unknown}
 n - a scroll of teleportation {unknown}
Comestibles
 e - 4 rations


   Skills:
 + Level 3.3(0.5) Fighting
 * Level 3.3(0.5) Axes
 + Level 2.2(0.0) Armour
 - Level 1.0(0.0) Dodging
 * Level 1.3(0.0) Shields


You had 2 spell levels left.
You didn't know any spells.
Your spell library was empty.

Dungeon Overview and Level Annotations

Branches:
Dungeon (2/15)

Altars:


Innate Abilities, Weirdness & Mutations

You have a pair of small antennae on your head.
You are immune to rotting.
You expend magic power (3 MP) to strengthen your wands.


Message History

You block the adder's attack.
You take 1 damage, and have 14/29 hp.
Your shield prevents you from hitting the adder.
The adder is heavily wounded.
You feel sick. You block the adder's attack.
Your kobold zombie hits the adder but does no damage.
The adder bites you but does no damage.
You take 1 damage, and have 13/29 hp.
Your shield prevents you from hitting the adder.
The adder is moderately wounded.
You feel sick. The adder bites you.
* * * LOW HITPOINT WARNING * * *
Your kobold zombie closely misses the adder.
The adder bites you.
* * * LOW HITPOINT WARNING * * *
You take 6 damage, and have 7/29 hp.
MASSIVE DAMAGE!!
It was a potion of heal wounds.
You feel much better.
Xom roars with laughter!
Your kobold zombie hits the adder with a +0 club.
The adder barely misses you.
You regained 14 hp, and now have 21/29 hp.
Unknown command.
You barely miss the adder.
The adder is heavily wounded.
You feel sick. You block the adder's attack.
Your kobold zombie misses the adder.
The adder bites you but does no damage.
You take 1 damage, and have 20/29 hp.
You hit the adder but do no damage.
The adder is heavily wounded.
You feel sick. The adder bites you.
You are more poisoned.
The adder poisons you!
Your kobold zombie completely misses the adder.
The adder bites you but does no damage.
You take 4 damage, and have 16/29 hp.
You feel sick.
Your kobold zombie hits the adder with a +0 club.
You take 1 damage, and have 15/29 hp.
You hit the adder but do no damage.
The adder is severely wounded.
You feel sick. The adder bites you but does no damage.
Your kobold zombie closely misses the adder.
The adder completely misses you.
The rat closely misses your kobold zombie.
You barely miss the adder.
The adder is heavily wounded.
You feel sick. You block the adder's attack.
The rat barely misses your kobold zombie.
Your kobold zombie barely misses the adder.
The adder bites you.
* * * LOW HITPOINT WARNING * * *
You are lethally poisoned!
The adder poisons you!
You take 3 damage, and have 12/29 hp.
Your shield prevents you from hitting the adder.
The adder is heavily wounded.
* * * LOW HITPOINT WARNING * * *
You feel sick. The rat bites your kobold zombie. The adder bites you.
* * * LOW HITPOINT WARNING * * *
Your kobold zombie hits the rat with a +0 club.
The rat dies!
You block the adder's attack.
You take 3 damage, and have 9/29 hp.
You hit the adder.
You kill the adder!
* * * LOW HITPOINT WARNING * * *
You feel sick.
You take 1 damage, and have 8/29 hp.
Unknown command.
You swap places.
* * * LOW HITPOINT WARNING * * *
You feel sick.
You are now a special plaything of Xom.
You take 1 damage, and have 7/29 hp.
* * * LOW HITPOINT WARNING * * *
You feel sick.
You take 1 damage, and have 6/29 hp.
* * * LOW HITPOINT WARNING * * *
You feel sick.
You take 1 damage, and have 5/29 hp.
* * * LOW HITPOINT WARNING * * *
You feel sick.
You take 1 damage, and have 4/29 hp.
* * * LOW HITPOINT WARNING * * *
You feel sick.
You see here a throwing net {!d , @Q1}.
* * * LOW HITPOINT WARNING * * *
You feel sick.
You take 1 damage, and have 3/29 hp.
You see here a throwing net {!d , @Q1}.
Z - a throwing net (quivered)
{!d , @Q1}
* * * LOW HITPOINT WARNING * * *
You feel sick.
You take 1 damage, and have 2/29 hp.
* * * LOW HITPOINT WARNING * * *
You feel sick.
You take 1 damage, and have 1/29 hp.
Unknown command.
You die...
Xom titters!

.....█ ███..█
███..█████
.........█
███..███.█████████
█..............█
██.███.███████.█
██...██.█ █.█
█.███.█.█ █@█ █.█
█...█ ███.███
█.███.███ █.....█
█>...██ ███..Z..█
█.█(██ █.......█
█.█.█ █.█.....█
█.█.█ █.█.....█
█.█.█ █.███████
█.█.█ ███.███


You could see a friendly kobold zombie.

Vanquished Creatures
  An adder (D:2)
  A river rat (D:2)
  A dart slug (D:2)
  A leopard gecko (D:1)
  3 giant cockroaches (D:2)
  8 goblins
  4 hobgoblins
  A quokka (D:2)
  9 bats
  A frilled lizard (D:2)
  3 kobolds (D:2)
  2 rats (D:1)
35 creatures vanquished.

Vanquished Creatures (collateral kills)
  A rat (D:2)
1 creature vanquished.

Grand Total: 36 creatures vanquished

Notes
Turn   | Place    | Note
-------+----------+-------------------------------------------
     0 | D:1      | Goblin1989 the Demonspawn Chaos Knight began the quest for
                  | the Orb.
     0 | D:1      | Reached XP level 1. HP: 18/18 MP: 1/1
    36 | D:1      | Reached skill level 1 in Dodging
   279 | D:1      | XOM: harmless Fire miscast
   326 | D:1      | XOM: silly message
   329 | D:1      | Gained mutation: You are immune to rotting. [demonic
                  | ancestry]
   329 | D:1      | Reached XP level 2. HP: 21/24 MP: 2/2
  1010 | D:2      | XOM: torment (13/24 hp)
  1062 | D:2      | Gained mutation: You have a pair of small antennae on your
                  | head. [demonic ancestry]
  1062 | D:2      | Reached XP level 3. HP: 19/29 MP: 3/3
  1075 | D:2      | Reached skill level 1 in Shields
  1311 | D:2      | XOM: give mutation
  1311 | D:2      | Gained mutation: You expend magic power (3 MP) to
                  | strengthen your wands. [Xom's grace]
  1362 | D:2      | XOM: 1-stop teleportation journey
  1616 | D:2      | XOM: god gift: ration {god gift}
  1783 | D:2      | HP: 1/29 [poisoned by an adder]
  1785 | D:2      | Succumbed to an adder's poison

Skill      XL: |  1  2  3 |
---------------+----------+-----
Dodging        | 1 |  1.0
Axes           | 3 |  3.3
Armour         | 2 |  2.2
Shields        | 1 |  1.3
Fighting       | |  3.3

Action                   || total
-------------------------++-------
Melee: Hand axe          ||   162
  Use: Potion            ||     1
 Stab: Petrified         ||     4
       Sleeping          ||     1
  Eat: Chunk             ||     3
Armor: Leather armour    ||    68
Dodge: Dodged            ||    44
Block: Large shield      ||    83

Levels and vault maps discovered:
D:1:      minmay_arrival_jagged, layout_rooms
D:2:      layout_loops_ring, kennysheep_generic_room_7
